Map: Scoria Reactor

Players

식짱 - Winner!

  • Race: Terran Terran
  • League: Gold
  • Spawn Location: 12:00

ILLBdA - Winner!

  • Race: Terran Terran
  • League: Diamond
  • Spawn Location: 11:00

OZceiCrid - Winner!

  • Race: Protoss Protoss
  • Spawn Location: 9:00

간지강쥐 - Winner!

  • Race: Protoss Protoss
  • Spawn Location: 12:00

닉네임진짜고민

  • Race: Terran Terran
  • Spawn Location: 3:00

mateng

  • Race: Terran Terran
  • Spawn Location: 6:00

시야나

  • Race: Zerg Zerg
  • Spawn Location: 6:00

xixitu

  • Race: Terran Terran
  • Spawn Location: 5:00

VOD

Have the link to the VOD?

Description

Time

  • Played on: Dec. 24, 2015, 9:37 a.m.
  • Length: 13:26
Show
View Real Time Build Order
Export as new Build Order

식짱 Terran - Winner!

Build Orders: MMM Bio 

Get SALT Encoding   

  12  0:01  SCV  
  13  0:13  SCV  
  14  0:23  Supply Depot  
  14  0:25  SCV  
  15  0:44  SCV  
  15  0:46  Barracks  
  16  0:57  SCV  
  17  1:02  Refinery  
  17  1:09  SCV  
  18  1:21  SCV  
  19  1:33  Orbital Command  
  19  1:37  Supply Depot  
  19  1:49  Marine  
  20  1:54  Command Center  
  20  2:00  Refinery  
  20  2:01  SCV  
  21  2:14  Barracks Tech Lab  
  21  2:20  SCV  
  22  2:31  Factory  
  22  2:33  SCV  
  23  2:45  SCV  
  23  2:49  Stimpack, Barracks  
  23  2:50  Barracks  
  24  2:52  Marine  
  24  2:57  SCV  
  26  3:08  Orbital Command  
  26  3:09  SCV  
  27  3:16  Factory Tech Lab  
  27  3:21  SCV  
  28  3:30  Starport  
  28  3:33  SCV  
  29  3:35  SCV  
  29  3:39  Barracks Tech Lab  
  30  3:41  Barracks Reactor  
  30  3:44  Marine  
  30  3:46  SCV  
  30  3:47  SCV  
  33  4:02  Marine  
  37  4:03  Combat Shields  
  37  4:05  Marine  
  37  4:08  Starport Reactor  
  35  4:15  Siege Tank  
  38  4:17  Marine x2  
  38  4:19  SCV x2, Marine  
  38  4:21  Supply Depot  
  38  4:23  Supply Depot  
  43  4:25  Supply Depot  
  43  4:30  Marine  
  44  4:35  Marine  
  44  4:37  Marine  
  46  4:42  Marine  
  47  4:46  Engineering Bay, Widow Mine  
  49  4:57  Marine  
  49  4:58  Marine x2  
  52  5:00  Marine, Medivac  
  52  5:02  Command Center  
  55  5:14  Concussive Shells  
  55  5:15  Siege Tank  
  55  5:16  Marine x3  
  55  5:18  Marine  
  62  5:27  Missile Turret  
  62  5:28  SCV x2  
  64  5:29  Refinery  
  64  5:31  Refinery  
  64  5:33  Medivac  
  64  5:34  Marine  
  67  5:44  Marine x3  
  70  5:51  Supply Depot  
  70  5:56  Supply Depot  
  70  5:57  Supply Depot  
  70  6:11  Terran Infantry Weapons Level 1  
  70  6:12  SCV x2, Marine x2, Medivac, Widow Mine  
  70  6:13  Marine x2  
  80  6:20  Supply Depot  
  80  6:22  Supply Depot  
  80  6:24  SCV x2  
  82  6:30  Marine x2  
  82  6:31  Marine x2  
  79  6:46  Engineering Bay  
  78  6:48  Marine x2  
  78  6:49  Marine x2  
  78  6:50  Armory, Widow Mine  
  78  6:51  Medivac x2  
  88  6:55  Missile Turret  
  88  7:04  Planetary Fortress  
  88  7:05  Marine x2  
  88  7:06  SCV x2  
  88  7:07  Marine x2  
  94  7:12  Supply Depot  
  94  7:14  Terran Infantry Armor Level 1  
  94  7:18  SCV  
  95  7:23  Marine x2  
  97  7:34  Missile Turret  
  97  7:35  Marine x2  
  97  7:37  Medivac  
  101  7:41  Supply Depot, Marine x2  
  103  7:45  SCV x2  
  103  7:46  SCV  
  106  7:56  Missile Turret  
  87  8:13  Marauder x2, Marine x2  
  84  8:30  Marine  
  84  8:31  Marine  
  83  8:34  Marine  
  83  8:35  Marauder  
  86  8:42  Medivac x2  
  86  8:45  SCV x3  
  86  8:48  Barracks x2, Marine x2  
  93  8:50  Barracks  
  93  8:53  Marauder  
  93  8:55  Liberator x2  
  97  8:56  Marauder  
  97  8:57  SCV  
  97  9:00  Widow Mine  
  102  9:06  Marine x2  
  103  9:14  Marauder  
  111  9:17  Marine  
  111  9:18  SCV x3  
  115  9:29  Widow Mine  
  115  9:30  SCV  
  117  9:35  Marauder  
  117  9:36  Barracks Tech Lab  
  117  9:37  Barracks Tech Lab  
  117  9:38  Barracks Reactor  
  118  9:40  Refinery  
  118  9:41  SCV  
  118  9:42  Refinery  
  109  9:53  SCV  
  109  9:58  Siege Tank  
  110  10:05  SCV, Liberator  
  109  10:11  Command Center  
  107  10:17  SCV  
  104  10:22  Medivac  
  109  10:29  SCV  
  109  10:32  Marine  
  109  10:33  Marine x7  
  109  10:35  Liberator  
  118  10:50  Marine  
  118  10:51  Marine x7  
  118  10:56  Barracks x2  
  129  10:58  Barracks  
  129  11:05  Medivac  
  129  11:08  Marine  
  129  11:09  Marine x7  
  129  11:26  Marine x6  
  129  11:27  Marine x2  
  129  11:44  Marine x5  
Show
View Real Time Build Order
Export as new Build Order

ILLBdA Terran - Winner!

Build Orders:  

Get SALT Encoding   

  12  0:01  SCV  
  13  0:13  SCV  
  14  0:16  Refinery  
  14  0:25  SCV  
  15  0:31  Supply Depot  
  15  0:59  Barracks  
  15  1:00  Barracks  
  15  1:04  SCV  
  16  1:17  SCV  
  17  1:29  SCV  
  18  1:46  Orbital Command  
  18  1:48  Reaper x2  
  18  1:53  Refinery  
  20  1:55  Supply Depot  
  20  2:20  Reaper x2  
  21  2:48  SCV  
  22  2:52  Reaper  
  22  2:53  Reaper  
  23  3:05  Command Center  
  23  3:17  SCV  
  23  3:24  Engineering Bay  
  23  3:25  Reaper x2  
  25  3:41  SCV  
  26  3:53  SCV  
  26  3:57  Reaper x2  
  28  4:05  SCV  
  26  4:17  SCV, Orbital Command  
  26  4:18  Supply Depot  
  27  4:27  Factory  
  27  4:29  SCV, Reaper x2  
  30  4:41  SCV  
  31  4:47  SCV  
  32  4:53  SCV  
  32  4:59  SCV  
  34  5:05  SCV  
  35  5:11  SCV  
  36  5:14  Factory Tech Lab  
  36  5:17  SCV  
  36  5:21  Starport  
  37  5:23  SCV  
  37  5:24  Starport  
  38  5:30  SCV  
  38  5:33  Reaper  
  40  5:36  SCV  
  40  5:42  SCV  
  42  5:48  SCV  
  42  5:49  Siege Tank  
  46  5:54  SCV  
  47  5:57  Supply Depot, Refinery  
  47  5:58  Refinery  
  47  6:00  SCV  
  48  6:06  SCV  
  48  6:08  Starport Reactor x2  
  48  6:10  Reaper  
  50  6:12  SCV  
  50  6:18  SCV  
  51  6:24  SCV  
  52  6:29  Siege Tank, Liberator  
  52  6:30  SCV  
  56  6:33  Supply Depot  
  56  6:34  Supply Depot  
  56  6:36  SCV  
  56  6:39  Liberator  
  57  6:42  SCV  
  57  6:45  Command Center  
  57  6:46  Command Center  
  60  6:54  Liberator  
  60  6:58  SCV  
  64  7:09  SCV  
  64  7:11  Liberator  
  64  7:14  SCV  
  69  7:20  Command Center  
  69  7:22  Supply Depot  
  69  7:23  Supply Depot  
  69  7:29  Liberator  
  72  7:38  Liberator  
  75  7:54  Missile Turret, Liberator  
  78  8:11  Liberator  
  81  8:25  Command Center  
  81  8:28  Liberator  
  83  8:46  Liberator  
  84  9:02  Liberator  
  87  9:20  Liberator  
  87  9:22  Orbital Command  
  87  9:23  Orbital Command  
  73  9:34  Liberator  
  73  10:00  SCV, Liberator  
  73  10:02  SCV  
  73  10:03  Refinery  
  75  10:07  Orbital Command  
  75  10:10  Liberator  
  75  10:12  SCV  
  79  10:24  Liberator  
  85  10:44  Liberator  
  85  10:58  Refinery  
  88  11:21  Liberator  
  88  11:22  Liberator x2  
  88  11:27  Liberator  
  88  11:52  Orbital Command  
  88  12:04  Liberator x3  
  88  12:10  Liberator  
Show
View Real Time Build Order
Export as new Build Order

OZceiCrid Protoss - Winner!

Build Orders:  

Get SALT Encoding   

  12  0:01  Probe (Chrono Boost)  
  13  0:12  Probe (Chrono Boost)  
  14  0:22  Probe (Chrono Boost), Pylon  
  15  0:41  Probe (Chrono Boost)  
  16  0:44  Gateway  
  16  0:45  Pylon  
  16  0:54  Assimilator  
  16  0:56  Probe (Chrono Boost)  
  17  1:09  Forge  
  18  1:11  Probe (Chrono Boost)  
  18  1:27  Gateway  
  18  1:33  Assimilator  
  18  1:38  Probe (Chrono Boost)  
  19  1:46  Cybernetics Core  
  19  1:49  Probe (Chrono Boost)  
  20  1:56  Photon Cannon  
  20  2:05  Pylon  
  20  2:10  Probe (Chrono Boost)  
  21  2:17  Zealot  
  23  2:24  Warp Gate (Chrono Boost)  
  23  2:27  Zealot  
  25  2:31  Probe  
  26  2:50  Robotics Facility  
  26  2:57  Probe  
  27  2:58  Pylon  
  27  3:10  Stalker  
  29  3:35  Probe  
  29  3:40  Nexus  
  30  3:43  Pylon  
  30  3:59  Immortal  
  34  4:18  Twilight Council  
  34  4:21  Pylon  
  34  4:38  Immortal  
  34  4:41  Assimilator  
  38  4:50  Stalker  
  38  4:51  Sentry  
  42  5:00  Gateway  
  42  5:03  Probe  
  43  5:26  Stalker  
  43  5:27  Zealot  
  47  5:31  Probe  
  48  5:41  Immortal, Probe  
  53  5:57  Blink (Chrono Boost)  
  53  6:02  Probe  
  54  6:07  Photon Cannon  
  54  6:12  Probe  
  55  6:24  Zealot  
  55  6:25  Zealot  
  59  6:28  Stalker  
  61  6:33  Gateway  
  61  6:36  Pylon  
  61  6:45  Pylon  
  61  6:53  Stalker  
  61  6:54  Stalker  
  65  6:57  Stalker  
  67  7:33  Observer  
  68  7:37  Probe, Pylon, Photon Cannon  
  68  7:43  Assimilator  
  69  7:47  Probe  
  69  7:48  Probe  
  71  7:51  Pylon  
  71  7:58  Stalker, Probe  
  73  7:59  Stalker  
  73  8:00  Stalker, Probe  
  73  8:02  Zealot  
  81  8:15  Charge (Chrono Boost)  
  81  8:21  Protoss Ground Weapons Level 1 (Chrono Boost)  
  81  8:33  Pylon  
  81  8:34  Probe  
  82  8:42  Stalker x3  
  82  8:45  Probe  
  75  9:05  Stalker x3  
  75  9:06  Stalker, Probe  
  84  9:23  Probe  
  85  9:55  Stalker  
  85  9:56  Stalker x3  
  85  9:59  Stargate  
  93  10:02  Stargate  
  93  10:05  Stargate  
  93  10:07  Photon Cannon  
  93  10:14  Pylon  
  71  10:41  Stalker x3  
  71  10:42  Stalker  
  67  10:44  Void Ray  
  67  10:48  Void Ray  
  61  10:59  Probe  
  62  11:09  Probe  
Show
View Real Time Build Order
Export as new Build Order

간지강쥐 Protoss - Winner!

Build Orders:  

Get SALT Encoding   

  12  0:01  Probe (Chrono Boost)  
  13  0:12  Probe (Chrono Boost)  
  14  0:30  Pylon  
  14  0:33  Probe (Chrono Boost)  
  15  0:36  Assimilator  
  15  0:49  Probe (Chrono Boost)  
  16  0:59  Probe (Chrono Boost)  
  17  1:08  Gateway  
  17  1:09  Pylon  
  17  1:11  Probe (Chrono Boost)  
  17  1:13  Assimilator  
  18  1:22  Probe (Chrono Boost)  
  19  1:34  Gateway  
  19  1:41  Probe (Chrono Boost)  
  20  1:52  Probe (Chrono Boost)  
  21  1:55  Cybernetics Core  
  21  1:56  Zealot  
  23  2:02  Probe (Chrono Boost)  
  25  2:15  Probe (Chrono Boost)  
  25  2:25  Zealot  
  25  2:26  Zealot  
  29  2:32  Probe (Chrono Boost)  
  30  2:40  Pylon  
  30  2:58  Stalker, Pylon, Zealot  
  34  3:00  Gateway  
  34  3:04  Probe (Chrono Boost)  
  35  3:29  Probe (Chrono Boost)  
  36  3:39  Stargate  
  36  3:54  Stalker  
  38  3:58  Stalker  
  40  4:05  Stalker  
  42  4:13  Nexus  
  42  4:24  Stalker  
  44  4:39  Pylon  
  44  4:50  Stalker  
  46  4:57  Stalker, Void Ray  
  52  5:01  Pylon  
  52  5:07  Stargate  
  52  5:14  Pylon  
  52  5:26  Probe (Chrono Boost)  
  53  5:29  Probe (Chrono Boost)  
  54  5:37  Probe (Chrono Boost)  
  54  5:40  Probe (Chrono Boost)  
  56  5:43  Assimilator  
  56  5:47  Probe (Chrono Boost), Assimilator  
  57  6:00  Void Ray  
  57  6:02  Probe (Chrono Boost)  
  62  6:07  Probe (Chrono Boost)  
  63  6:13  Void Ray  
  63  6:16  Probe (Chrono Boost)  
  68  6:23  Probe (Chrono Boost)  
  69  6:26  Probe (Chrono Boost)  
  70  6:33  Probe (Chrono Boost)  
  71  6:43  Void Ray  
  71  6:44  Probe (Chrono Boost)  
  77  6:56  Void Ray  
  77  6:57  Probe (Chrono Boost)  
  81  7:04  Protoss Air Weapons Level 1  
  81  7:23  Probe (Chrono Boost)  
  82  7:37  Void Ray  
  82  7:44  Nexus  
  86  7:59  Fleet Beacon  
  86  8:12  Void Ray  
  86  8:14  Probe (Chrono Boost)  
  83  8:28  Void Ray  
  83  8:54  Stargate  
  83  8:55  Void Ray  
  81  8:56  Stargate  
  81  8:58  Warp Gate  
  81  8:59  Probe (Chrono Boost), Stargate  
  79  9:10  Probe (Chrono Boost)  
  79  9:11  Void Ray  
  83  9:20  Probe (Chrono Boost)  
  82  9:31  Probe (Chrono Boost)  
  79  9:38  Void Ray  
  77  9:41  Probe (Chrono Boost)  
  77  9:42  Void Ray  
  86  9:54  Void Ray  
  86  10:21  Void Ray  
  82  10:22  Void Ray, Carrier  
  96  10:29  Void Ray  
  100  10:37  Probe (Chrono Boost)  
  101  10:45  Assimilator  
  101  10:49  Assimilator  
  101  10:52  Protoss Air Weapons Level 2  
Show
View Real Time Build Order
Export as new Build Order

닉네임진짜고민 Terran 

Build Orders:  

Get SALT Encoding   

  12  0:02  SCV  
  13  0:15  SCV  
  14  0:27  SCV  
  15  0:32  Supply Depot  
  15  0:43  Supply Depot  
  15  0:57  Barracks  
  15  1:03  SCV  
  16  1:15  SCV  
  17  1:25  Barracks  
  17  1:27  SCV  
  18  1:39  SCV  
  19  1:49  Refinery  
  19  1:53  Marine  
  20  2:11  Marine  
  20  2:13  Command Center  
  21  2:24  Refinery  
  21  2:29  Marine  
  19  2:46  Marine  
  20  3:04  Marine  
  20  3:22  SCV, Marine  
  22  3:34  SCV  
  20  3:57  Marine  
  20  3:59  Marine  
  20  4:02  SCV  
  23  4:12  Factory  
  23  4:14  Marine  
  23  4:17  Marine  
  25  4:28  Factory  
  25  4:32  SCV, Marine  
  25  4:34  Marine  
  25  4:35  SCV  
  29  4:47  SCV  
  29  4:50  Marine  
  29  4:52  Marine  
  32  4:59  SCV  
  30  5:08  Marine  
  30  5:10  Marine  
  30  5:11  SCV  
  30  5:12  Factory Tech Lab  
  30  5:13  Factory Tech Lab  
  32  5:23  SCV  
  32  5:26  Armory  
  31  6:10  Command Center  
  31  6:19  Thor  
  31  6:21  Supply Depot  
  37  7:00  Supply Depot  
  37  7:05  Terran Vehicle Weapons Level 1  
  37  7:21  Thor  
  43  7:26  Supply Depot  
  43  7:30  Thor  
  49  7:53  Supply Depot  
  39  8:35  Thor  
  39  8:37  Thor  
Show
View Real Time Build Order
Export as new Build Order

mateng Terran 

Build Orders:  

Get SALT Encoding   

  12  0:02  SCV  
  13  0:14  SCV  
  14  0:29  SCV  
  14  0:30  Supply Depot  
  14  0:33  Refinery  
  15  0:52  SCV  
  16  1:00  Refinery  
  17  1:04  SCV  
  17  1:06  Barracks  
  17  1:16  SCV  
  18  1:28  SCV  
  19  1:40  SCV  
  20  1:52  SCV  
  21  1:54  Barracks, Marine  
  22  2:04  SCV  
  23  2:08  Supply Depot  
  23  2:22  Orbital Command  
  23  2:33  Factory  
  23  2:44  Barracks Reactor, Marine  
  24  2:51  SCV  
  24  2:57  Supply Depot  
  25  3:02  Marine  
  25  3:03  SCV  
  27  3:15  SCV  
  28  3:22  Command Center  
  28  3:26  Engineering Bay  
  28  3:27  SCV, Marine x2  
  31  3:39  Supply Depot  
  31  3:44  Starport  
  31  3:45  SCV  
  32  4:02  SCV  
  33  4:14  Starport, Marine x2  
  35  4:21  Fusion Core  
  35  4:22  SCV  
  36  4:27  Missile Turret  
  36  4:42  Marine x3  
  36  4:43  Starport Reactor  
  39  4:46  Starport Tech Lab  
  39  4:50  Starport Tech Lab  
  39  4:51  Planetary Fortress  
  39  5:10  SCV  
  40  5:16  Refinery  
  40  5:26  Missile Turret  
  40  5:28  SCV  
  41  5:40  SCV  
  41  5:41  Supply Depot  
  42  5:43  Battlecruiser  
  42  5:48  Missile Turret  
  48  5:52  SCV  
  49  6:03  SCV  
  50  6:04  SCV  
  50  6:10  Missile Turret x2  
  51  6:15  Orbital Command  
  51  6:16  SCV  
  50  6:28  SCV  
  49  6:41  SCV  
  49  6:45  SCV  
  51  6:53  SCV  
  52  6:58  SCV  
  53  7:03  Refinery  
  53  7:05  SCV  
  54  7:10  SCV  
  54  7:12  Armory  
  55  7:18  Battlecruiser x2  
  55  7:22  SCV  
  68  7:30  Missile Turret  
  68  7:34  SCV  
  68  7:35  Weapon Refit  
  69  7:48  Supply Depot  
  69  7:53  Marine  
  70  8:01  Marine x2  
  66  8:11  Marine  
Show
View Real Time Build Order
Export as new Build Order

시야나 Zerg 

Build Orders: Pool First 

Get SALT Encoding   

  12  0:10  Drone x2  
  14  0:34  Spawning Pool  
  13  0:37  Extractor  
  13  0:38  Drone x2  
  14  0:45  Overlord  
  14  1:16  Hatchery  
  14  1:17  Drone x2  
  15  1:27  Drone  
  16  1:38  Queen  
  18  1:43  Drone  
  19  1:47  Extractor  
  19  1:49  Drone  
  19  1:58  Drone  
  19  2:01  Drone  
  21  2:13  Drone  
  22  2:24  Lair  
  22  2:27  Overlord  
  22  2:32  Zergling x2  
  23  2:39  Zergling x2  
  24  2:50  Drone x2  
  26  2:55  Metabolic Boost  
  26  3:06  Drone x4  
  30  3:20  Drone x2  
  32  3:33  Queen  
  34  3:38  Overlord x2  
  34  3:45  Spire  
  33  4:01  Drone x3  
  36  4:04  Extractor  
  36  4:07  Extractor  
  34  4:16  Zergling x4  
  34  4:17  Zergling x4  
  38  4:20  Zergling x2  
  39  4:48  Hatchery  
  32  5:33  Mutalisk x6  
  43  5:40  Mutalisk  
  43  5:41  Mutalisk  
  47  5:47  Drone  
  48  5:56  Drone  
  49  6:05  Drone x3  
  52  6:16  Zerg Flyer Weapons Level 1  
  50  6:47  Mutalisk  
  50  6:48  Mutalisk x3  
  50  6:53  Overlord x3  
  58  7:10  Overlord x6  
  58  7:19  Mutalisk x3  
  58  7:20  Mutalisk  
  66  7:25  Drone x2  
  68  7:43  Extractor  
  67  7:46  Extractor  
  66  7:57  Drone x3  
  69  8:00  Mutalisk x2  
  69  8:01  Mutalisk x2  
  77  8:10  Zerg Flyer Armor Level 1  
  53  8:34  Overlord  
  53  8:36  Mutalisk x2  
  53  8:37  Mutalisk x2  
  53  8:40  Zergling x6  
  64  8:42  Zergling x12  
  64  8:47  Drone x3  
  48  9:31  Mutalisk  
  48  9:32  Mutalisk x2  
  48  9:34  Mutalisk x2  
  48  9:35  Mutalisk x2  
Show
View Real Time Build Order
Export as new Build Order

xixitu Terran 

Build Orders: MMM Bio 

Get SALT Encoding   

  12  0:01  SCV  
  13  0:13  SCV  
  14  0:24  Supply Depot  
  14  0:27  SCV, Refinery  
  15  0:47  Barracks  
  15  0:52  SCV  
  16  1:04  SCV  
  17  1:16  SCV  
  17  1:17  Barracks  
  18  1:28  SCV  
  19  1:37  Supply Depot, Marine  
  20  1:40  SCV  
  20  1:43  Factory  
  21  1:52  SCV  
  22  1:57  Marine  
  23  2:20  Command Center  
  23  2:25  Marine  
  23  2:28  Factory Reactor  
  24  2:59  Refinery, Starport  
  24  3:02  Engineering Bay  
  24  3:05  Supply Depot  
  23  3:07  Marine x2  
  24  3:19  Widow Mine  
  24  3:23  Widow Mine  
  24  3:25  Marine x2  
  30  3:37  Medivac  
  31  4:06  Medivac  
  32  4:13  SCV  
  33  4:25  SCV  
  33  4:27  Barracks Tech Lab  
  33  4:29  Barracks Reactor  
  34  4:34  Factory Tech Lab  
  34  4:35  Barracks  
  34  4:37  SCV  
  35  4:49  SCV  
  36  5:01  SCV  
  36  5:03  Siege Tank  
  40  5:08  Orbital Command  
  40  5:19  Marine x2, Marauder  
  44  5:37  Marine x2  
  44  5:40  Marauder  
  48  5:50  Concussive Shells  
  48  5:54  Marine x3  
  48  5:55  Marine  
  52  6:01  Marine  
  53  6:19  SCV  
  54  6:33  Stimpack  
  54  6:40  Supply Depot  
  54  6:47  Marine  
  54  7:01  Marine  
  54  7:02  SCV x2  
  54  7:03  Supply Depot  
  54  7:06  Supply Depot  
  57  7:08  Barracks  
  57  7:10  Barracks  
  57  7:11  Starport Tech Lab  
  57  7:14  SCV x2  
  57  7:15  Marauder, Marine  
  62  7:25  Marine  
  62  7:26  SCV  
  62  7:27  Refinery  
  64  7:30  Supply Depot, Refinery  
  64  7:31  Terran Infantry Armor Level 1  
  64  7:36  Marine x4  
  68  7:38  SCV  
  68  7:42  Marine  
  70  7:44  High Capacity Fuel Tanks  
  70  7:50  SCV  
  71  7:54  Marine x4  
  71  7:57  Barracks Tech Lab  
  75  8:00  Marine  
  75  8:02  SCV  
  75  8:05  Barracks Reactor  
  77  8:11  Marine  
  77  8:12  Marine x3  
  81  8:14  SCV  
  81  8:18  Marine  
  83  8:29  Marine  
  83  8:34  Combat Shields  
  84  8:40  Marine x3  
  84  8:41  Marine x4  
  80  8:47  Marine  
  65  8:58  Marine x3  
  65  8:59  Marauder, Marine x2  
  65  9:00  Marauder  
  68  9:06  Medivac  
  68  9:09  Marine  
  71  9:16  Marine x4  
  71  9:17  Marine  
  74  9:20  Marauder  
  74  9:21  Marauder  
  80  9:26  Marine  
  81  9:33  Marine  
  81  9:34  Marine x3  
  85  9:47  Medivac  
  85  9:52  Marine x5  
  70  9:53  Marine x3  
  55  10:17  Medivac  
  55  10:20  Marine x3  
  55  10:21  Marine x5  
  46  10:38  Marine x3  
  38  10:47  Medivac  
Tags
 
Add a new tag
Caveats
  • Supply blocks, unpowered buildings, or Contaminate may cause inaccurate times.
  • Supply counts are checked every 10 seconds.